 Dungeon Crawl Stone Soup version 0.28.0 (webtiles) character file.

Game seed: 3270492433788796183

39 Deca the Skirmisher (level 3, -3/24 HPs)
             Began as a Gargoyle Monk on Feb 16, 2022.
             Killed from afar by Natasha (7 damage)
             ... with a magic dart
             ... on level 2 of the Dungeon.
             The game lasted 00:03:24 (1442 turns).

Deca the Skirmisher (Gargoyle Monk)                 Turns: 1442, Time: 00:03:26

Health: -3/24      AC:  8    Str: 16    XL:     3   Next: 47%
Magic:  3/3        EV: 11    Int: 10    God:
Gold:   82         SH:  0    Dex: 12    Spells: 2/2 levels left

rFire   . . .      SeeInvis .     - Unarmed
rCold   . . .      Faith    .   (no shield)
rNeg    + . .      Spirit   .   f - +0 ring mail
rPois   ∞          Reflect  .   (no helmet)
rElec   +          Harm     .   (no cloak)
rCorr   .          Rampage  .   (no gloves)
Will    .....                   (no boots)
Stlth   +.........              (no amulet)
HPRegen 0.08/turn               (no ring)
MPRegen 0.08/turn               (no ring)

@: no status effects
A: sickness immunity, AC +3, negative energy resistance 1, electricity
resistance, torment resistance 1, petrification resistance
a: no special abilities


You were on level 2 of the Dungeon.
You visited 1 branch of the dungeon, and saw 2 of its levels.

You collected 82 gold pieces.

Inventory:

Armour
 f - a +0 ring mail (worn)
Jewellery
 b - an amulet of the acrobat
Scrolls
 a - a scroll of enchant armour {unknown}
 d - a scroll of identify {unknown}
 e - 2 scrolls of fog {unknown}


   Skills:
 + Level 3.7 Fighting
 + Level 1.0 Armour
 - Level 2.5 Dodging
 + Level 2.9 Stealth
 + Level 3.3 Unarmed Combat


You had 2 spell levels left.
You didn't know any spells.
Your spell library was empty.

Dungeon Overview and Level Annotations

Branches:
Dungeon (2/15)

Altars:
Ashenzari

Annotations:
D:2 Natasha


Innate Abilities, Weirdness & Mutations

You are immune to sickness and miasma.
Your stone body is resilient. (AC +3)
You are immune to poison.
You resist negative energy. (rN+)
You are resistant to electric shocks. (rElec)
You are resistant to unholy torment.
You are immune to petrification.


Message History

The crimson imp misses you.
Your Armour skill increases to level 1!
You hit Natasha but do no damage. Natasha claws you.
The crimson imp blinks!
The crimson imp hits you but does no damage.
You closely miss Natasha. Natasha barely misses you.
You barely miss Natasha. The crimson imp hits you.
Natasha casts a spell at you.
The magic dart hits you but does no damage.
You hit Natasha.
Natasha is moderately wounded.
The crimson imp hits you. Natasha claws you but does no damage.
The iron imp barely misses you.
You completely miss Natasha.
Natasha is moderately wounded.
The crimson imp hits you but does no damage.
Natasha casts a spell at you. The magic dart hits you!
You hit Natasha.
Natasha is heavily wounded.
The crimson imp blinks!
The crimson imp hits you but does no damage.
The iron imp barely misses you. Natasha closely misses you.
You barely miss Natasha.
Natasha is heavily wounded.
The crimson imp hits you. The iron imp hits you.
* * * LOW HITPOINT WARNING * * *
Natasha barely misses you.
You barely miss Natasha.
Natasha is heavily wounded.
The crimson imp blinks!
The crimson imp hits you but does no damage.
The iron imp barely misses you. Natasha claws you.
* * * LOW HITPOINT WARNING * * *
You hit Natasha but do no damage.
Natasha is heavily wounded.
The crimson imp disappears in a puff of smoke!
The crimson imp blinks!
Natasha stares at you and mumbles some strange words.
The magic dart hits you!
You die...

#.#.##.......####.##..####
#.#.##....................
#.#.##......##############
#.#.##........†...... ###
#.#.##............... #.#
#.####..........).... ##.#
#+# ######+#..........+...
#...5#............#..#
+..§h@...............#
#...§##.≈≈≈.#.#....†.#
#....##.≈$≈...#..._..#
#....##.≈≈≈...#....†..
...§..##.....#.#.......
5......########.........
.....#### ##.###... .....
#. #..# # #..#


You could see an iron imp (summoned), Natasha and a crimson imp (summoned).

Vanquished Creatures
  A worm (D:2)
  2 dart slugs
  3 endoplasms
  2 giant cockroaches
  4 goblins
  4 hobgoblins (D:2)
  2 quokkas
  A ball python (D:2)
  5 bats
  3 frilled lizards (D:2)
  4 rats (D:2)
31 creatures vanquished.

Notes
Turn   | Place    | Note
-------+----------+-------------------------------------------
     0 | D:1      | Deca the Gargoyle Monk began the quest for the Orb.
     0 | D:1      | Reached XP level 1. HP: 14/14 MP: 1/1
   299 | D:1      | Reached XP level 2. HP: 19/19 MP: 2/2
   955 | D:2      | Reached XP level 3. HP: 19/23 MP: 3/3
  1056 | D:2      | Found a broken altar of Ashenzari.
  1420 | D:2      | Noticed Natasha
  1434 | D:2      | Reached skill level 1 in Armour
  1442 | D:2      | Killed from afar by Natasha

Illustrated notes

Levels and vault maps discovered:
D:1:      lightli_arrival_flooded_house, layout_basic
D:2:      layout_basic, basic_altar, corexii_item_surrounded_by_moat,
          kennysheep_donut, uniq_natasha

Skill      XL: |  1  2  3 |
---------------+----------+-----
Armour         | 1 |  1.0
Fighting       | |  3.7
Dodging        | |  2.5
Stealth        | |  2.9
Unarmed Combat | |  3.3

Action                   || total
-------------------------++-------
Melee: Unarmed           ||   123
       Punch             ||     5
  Use: Potion            ||     1
 Stab: Sleeping          ||     5
Armor: Robe              ||     2
       Skin              ||     1
       Ring mail         ||    47
       Leather armour    ||     5
Dodge: Dodged            ||    85
